 Dungeon Crawl Stone Soup version 0.16.0-18-g484a79e (console) character file.

159 gw the Charlatan (level 5, -5/44 HPs)
             Began as a Draconian Artificer on Mar 23, 2015.
             Killed from afar by an orc wizard (7 damage)
             ... with a puff of frost
             ... on level 3 of the Dungeon.
             The game lasted 00:05:48 (5437 turns).

gw the Charlatan (Draconian Artificer)              Turns: 5437, Time: 00:05:48

Health: -5/44      AC:  6    Str: 13    XL:     5   Next: 17%
Magic:  7/7        EV: 13    Int: 12    God:
Gold:   191        SH:  0    Dex: 13    Spells: 0 memorised, 4 levels left

rFire  . . .     SeeInvis .     a - +1 short sword
rCold  . . .     Clarity  .     (armour unavailable)
rNeg   . . .     SustAb   .     (no shield)
rPois  +         Gourm    .     (helmet restricted)
rElec  .         Spirit   .     (no cloak)
rCorr  .         Warding  .     (no gloves)
rMut   .         Stasis   .     q - +0 pair of boots
MR     +....                    (no amulet)
Stlth  +.........               m - ring of protection from magic
                                k - ring of poison resistance

@: drained, somewhat resistant to hostile enchantments, very unstealthy
A: unfitting armour, cold-blooded, AC +5
a: no special abilities


You were on level 3 of the Dungeon.
You were not hungry.

You visited 1 branch of the dungeon, and saw 3 of its levels.

You collected 191 gold pieces.

Inventory:

Hand weapons
 a - a +1 short sword (weapon)
Missiles
 l - 3 stones (quivered)
Armour
 q - a +0 pair of boots (worn)
Jewellery
 k - a ring of poison resistance (left hand)
 m - a ring of protection from magic (right hand)
Magical devices
 b - a wand of flame (15)
 c - a wand of enslavement (15)
 d - a wand of random effects (15)
 j - a wand of lightning (6)
 o - a wand of slowing (30)
Scrolls
 e - 2 scrolls of identify
 f - a scroll of recharging
Potions
 g - a potion of berserk rage {unknown}
 p - a potion of restore abilities {unknown}
Comestibles
 h - a chunk of flesh
 i - a bread ration
 n - 3 meat rations


   Skills:
 + Level 2.9(2.6) Fighting
 - Level 1.0(0.6) Short Blades
 + Level 2.7(2.4) Throwing
 + Level 3.0(2.7) Dodging
 - Level 0.8(0.5) Stealth
 - Level 3.0(2.6) Evocations


You had 4 spell levels left.
You didn't know any spells.

Dungeon Overview and Level Annotations

Branches:
Dungeon (3/15)

Altars:
Sif Muna


Innate Abilities, Weirdness & Mutations

Your plain brown scales are hard (AC +5).
Your body does not fit into most forms of armour.
Your cold-blooded metabolism reacts poorly to cold.


Message History

Press: ? - help, Shift-Dir - straight line, f/p - orc wizard
Aim: an orc wizard, wielding a dagger and wearing a glowing robe (lightly wounded, fast)
You throw a stone.
The stone hits the orc wizard but does no damage.
The orc wizard is lightly wounded.
The orc wizard gestures wildly while chanting.
You feel troubled.
Unknown command.
Unknown command.
Unknown command.
Unknown command.
Attempting RANGED ATTACK TO (2,0) Throwing (i - inventory):
l - 4 stones (quivered)
Press: ? - help, Shift-Dir - straight line, f/p - orc wizard
Aim: an orc wizard, wielding a dagger and wearing a glowing robe (lightly wounded, fast)
You throw a stone.
The stone closely misses the orc wizard.
The orc wizard casts a spell at you. The puff of frost hits you!
You die...

.......# .......#
.......# .......#
.......# .......# ####
.......# ##..######
####...####((8#..~(# #
###.%..(._.).d~o#######
#
###..#..8#..~.#.....##
# #####..######......##
## #########...<...#
.## #.#........## ..#
#...>.....## #.#
##..##.#### #.####
##.###.# #....#
#)..##.#


You could see an orc wizard.

Table legend:
 A = Turns spent in this place as a percentage of turns spent in the entire game.
 B = Non-inter-level travel turns spent in this place as a percentage of non-inter-level travel turns spent in the entire game.
 C = Inter-level travel turns spent in this place as a percentage of turns spent in this place.
 D = Turns resting spent in this place as a percentage of non-inter-level travel turns spent in this place.
 E = Turns spent auto-exploring this place as a percentage of non-inter-level travel turns spent in this place.
 F = Non-inter-level travel turns spent in this place divided by the number of levels of this place that you've seen.
                   A       B       C       D       E      F
               +-------+-------+-------+-------+-------+----------------------
         Total | 100.0 | 100.0 |   0.3 |   1.3 |   1.7 | 2494.7
       Dungeon | 100.0 | 100.0 |   0.3 |   1.3 |   1.7 | 2494.7
               +-------+-------+-------+-------+-------+----------------------

Table legend:
 A = Kills in this place as a percentage of kills in entire the game.
 B = Kills by you in this place as a percentage of kills by you in the entire game.
 C = Kills by friends in this place as a percentage of kills by friends in the entire game.
 D = Other kills in this place as a percentage of other kills in the entire game.
 E = Experience gained in this place as a percentage of experience gained in the entire game.
 F = Experience gained in this place divided by the number of levels of this place that you have seen.
                   A       B       C       D       E      F
               +-------+-------+-------+-------+-------+----------------------
         Total | 100.0 | 100.0 |  -nan |  -nan | 100.0 |  76.0
       Dungeon | 100.0 | 100.0 |  -nan |  -nan | 100.0 |  76.0
               +-------+-------+-------+-------+-------+----------------------

Vanquished Creatures
  An orc wizard (D:3)
  Ijyb (D:3)
  3 adders (D:2)
  2 worms (D:2)
  4 giant geckos
  6 orcs (D:3)
  6 giant cockroaches
  8 goblins
  8 hobgoblins
  7 bats
  3 giant newts
  7 jackals
  4 kobolds
  A quokka (D:2)
  8 rats
69 creatures vanquished.

Notes
Turn   | Place    | Note
--------------------------------------------------------------
     0 | D:1      | gw, the Draconian Artificer, began the quest for the Orb.
     0 | D:1      | Reached XP level 1. HP: 16/16 MP: 1/1
   537 | D:1      | Reached XP level 2. HP: 4/23 MP: 3/3
  1041 | D:1      | Reached skill level 1 in Throwing
  1787 | D:2      | Reached XP level 3. HP: 18/29 MP: 4/4
  3755 | D:2      | Reached XP level 4. HP: 9/37 MP: 6/6
  4989 | D:3      | Noticed Ijyb
  5048 | D:3      | Killed Ijyb
  5383 | D:3      | Found a deep blue altar of Sif Muna.
  5427 | D:3      | Reached XP level 5. HP: 4/44 MP: 7/7
  5427 | D:3      | HP: 1/44 [orc wizard/magic dart (3)]
  5437 | D:3      | Killed from afar by an orc wizard

Action                   |  1- 3 |  4- 6 || total
-------------------------+-------+-------++-------
Melee: Short sword       |   264 |   135 ||   399
Throw: Stone             |    71 |   101 ||   172
  Use: Scroll            |     7 |     4 ||    11
       Potion            |       |     3 ||     3
  Eat: Chunk             |     8 |     2 ||    10
       Bread ration      |       |     1 ||     1

Vault maps used:
D:1:      shiori_arrival_maze, kennysheep_crisscross, amethyst_killhole
D:2:      kennysheep_six_static_rooms, st_stairs_8
D:3:      led_sif_book, uniq_iyjb
